 Dungeon Crawl Stone Soup version 0.15.1-3-g1b33baa (webtiles) character file.

99 Heini the Covered (level 4, 0/41 HPs)
             Began as a Minotaur Fighter on Oct 11, 2014.
             Slain by Prince Ribbit (6 damage)
             ... on Level 4 of the Dungeon.
             The game lasted 00:05:59 (1669 turns).

Heini the Covered (Minotaur Fighter)                Turns: 1669, Time: 00:06:00

HP   0/41        AC  8     Str 21      XL: 4   Next: 45%
MP   2/2         EV  6     Int  5      God:
Gold 100         SH  9     Dex 10      Spells:  0 memorised,  3 levels left

rFire  . . .     SeeInvis .     a - +1 flail
rCold  . . .     Clarity  .     b - +0 scale mail
rNeg   . . .     rCorr    .     c - +0 shield
rPois  .         rRot     .     (helmet restricted)
rElec  .         Spirit   .     (no cloak)
SustAb .         Warding  .     t - +0 pair of gloves
rMut   .         Stasis   .     (no boots)
Gourm  .                        (no amulet)
MR     .....                    (no ring)
                                (no ring)

@: not resistant to hostile enchantments, extremely unstealthy
A: retaliatory headbutt, horns 2
a: no special abilities


You were on level 4 of the Dungeon.
You were near starving.

You visited 1 branch of the dungeon, and saw 4 of its levels.

You collected 100 gold pieces.

Inventory:

Hand weapons
 a - a +1 flail (weapon)
 k - a +0 whip
Armour
 b - a +0 scale mail (worn)
 c - a +0 shield (worn)
 t - a +0 pair of gloves (worn)
 v - a +0 plate armour
Magical devices
 q - a wand of disintegration (16) {unknown}
Comestibles
 d - 2 bread rations
 h - 2 meat rations
 l - a beef jerky
 u - a royal jelly
Scrolls
 g - a scroll of identify
 n - a scroll of amnesia {unknown}
 o - a scroll of magic mapping {unknown}
 p - a scroll of remove curse
 r - a scroll of blinking {unknown}
 w - a scroll of recharging {unknown}
Jewellery
 x - an uncursed amulet of stasis {unknown}
Potions
 e - 3 potions of might
 f - a potion of curing
 i - 2 potions of cure mutation {unknown}
 j - a potion of haste {unknown}
 m - 2 potions of poison {unknown}
 s - a potion of brilliance {unknown}


   Skills:
 * Level 4.6 Fighting
 * Level 3.3 Maces & Flails
 * Level 5.0 Armour
 + Level 0.7 Dodging
 - Level 3.6 Shields


You had 3 spell levels left.
You didn't know any spells.

Dungeon Overview and Level Annotations

Branches:
Dungeon (4/15)
 Temple: D:4-7

Altars:

Annotations:
D:4 Ijyb; Johnny's ghost, average DgIE; Prince Ribbit


Innate Abilities, Weirdness & Mutations

You reflexively headbutt those who attack you in melee.
You have a pair of horns on your head.


Message History

Johnny's ghost (average Demigod Ice Elementalist) comes into view.
Prince Ribbit momentarily phases out as your attack passes through him.
Prince Ribbit is lightly wounded.
Johnny's ghost turns its malevolent gaze towards you.
Prince Ribbit hits you! You block Prince Ribbit's attack.
Prince Ribbit catches a fly with his tongue.
You block Prince Ribbit's attack.
Prince Ribbit says, "You're just another fly to me."
Prince Ribbit hits you but does no damage.
Prince Ribbit blinks!
Ijyb the Twisted Goblin comes into view.
He is wielding a glowing dagger.
Ijyb shouts!
Ijyb zaps a wand.
The magic dart hits you!
Prince Ribbit winks and puckers his lips.
Prince Ribbit hits you. Prince Ribbit hits you.
Prince Ribbit blinks!
You closely miss Prince Ribbit. Prince Ribbit hits you!
* * * LOW HITPOINT WARNING * * *
Prince Ribbit hits you.
You die...

#.# #.#.#.###..# ...
#g#.#......# # #######.#
#.#.######.#..# ......#.#
#..#...W....W....# .......#
#..#...######.#.##
#####...#####..#...# #.#.#
......<........#.ยง.######.#
#
.##.#...#####.##..........#
#...# #.##@..######.# #...#
#.##F.......... #...#
#.##...########
#...#####.##...........
#..............########
#...#########..####
#.................#
#...##########.#### #####
###


You could see Prince Ribbit, Ijyb and Johnny's ghost.

Vanquished Creatures
  5 adders (D:3)
  A worm (D:2)
  3 giant geckos
  An ooze (D:1)
  2 giant cockroaches
  7 hobgoblins
  3 jackals (D:3)
  8 kobolds
  A quokka (D:3)
  3 bats
  A giant newt (D:1)
  4 goblins
  8 rats
47 creatures vanquished.

Notes
Turn   | Place    | Note
--------------------------------------------------------------
     0 | D:1      | Heini, the Minotaur Fighter, began the quest for the Orb.
     0 | D:1      | Reached XP level 1. HP: 19/19 MP: 1/1
   165 | D:1      | Reached skill level 4 in Fighting
   173 | D:1      | Reached XP level 2. HP: 14/27 MP: 1/1
   707 | D:2      | Reached XP level 3. HP: 25/33 MP: 2/2
   771 | D:2      | You fall through a shaft!
   856 | D:3      | Reached XP level 4. HP: 37/41 MP: 2/2
  1055 | D:3      | Reached skill level 5 in Armour
  1650 | D:4      | Noticed Prince Ribbit
  1656 | D:4      | Noticed Johnny's ghost (average DgIE)
  1665 | D:4      | Noticed Ijyb
  1669 | D:4      | Slain by Prince Ribbit

Action                   |  1- 3 |  4- 6 || total
-------------------------+-------+-------++-------
Melee: Flail             |    82 |    45 ||   127
  Use: Scroll            |     2 |     1 ||     3
  Eat: Chunk             |       |     1 ||     1
